 Dungeon Crawl Stone Soup version 0.30.1-3-gfc49f6343a (webtiles) character file.

Game seed: 1310418180173663426

39 ANON1729 the Trooper (level 3, 0/33 HPs)
             Began as a Minotaur Monk on Aug 9, 2023.
             Succumbed to an adder's poison
             ... on level 2 of the Dungeon.
             The game lasted 00:00:30 (1077 turns).

ANON1729 the Trooper (Minotaur Monk)                Turns: 1077, Time: 00:00:31

Health: 0/33       AC:  2    Str: 15    XL:     3   Next: 28%
Magic:  2/2        EV: 13    Int:  7    God:
Gold:   49         SH:  0    Dex: 14    Spells: 2/2 levels left

rFire   . . .        j - +0 rapier
rCold   . . .        d - orb {light}
rNeg    . . .        b - +0 robe
rPois   .            (helmet restricted)
rElec   .            (no cloak)
rCorr   .            (no gloves)
SInv    +            (no boots)
Will    .....        (no amulet)
Stlth   +            g - ring of see invisible
HPRegen 0.25/turn    (no ring)
MPRegen 0.08/turn

%: no passive effects
@: lethally poisoned (0 -> -3), glowing
A: horns 2, retaliatory headbutt
a: no special abilities


You were on level 2 of the Dungeon.
You visited 1 branch of the dungeon, and saw 2 of its levels.

You collected 49 gold pieces.

Inventory:

Hand Weapons
 a - a +0 short sword
 j - a +0 rapier (weapon)
Armour
 b - a +0 robe (worn)
 d - an orb of light (worn)
Jewellery
 g - a ring of see invisible (left hand)
Scrolls
 e - a scroll of vulnerability {unknown}
 h - a scroll of teleportation {unknown}
Potions
 c - a potion of ambrosia
 f - a potion of attraction {unknown}
 i - a potion of flight {unknown}


   Skills:
 + Level 4.0 Fighting
 + Level 3.6 Short Blades
 + Level 1.4 Armour
 + Level 3.6 Dodging
 + Level 1.1 Invocations


You had 2 spell levels left.
You didn't know any spells.
Your spell library contained the following spells:

 Spells                   Type           Power      Damage    Failure   Level
 Alistair's Intoxication  Tmut/Pois      0%         N/A       100%        5
 Borgnjor's Vile Clutch   Necr/Erth      0%         N/A       100%        5
 Eringya's Noxious Bog    Tmut/Pois      0%         N/A       100%        6


Dungeon Overview and Level Annotations

Branches:
Dungeon (2/15)

Altars:


Innate Abilities, Weirdness & Mutations

You have a pair of horns on your head.
You reflexively headbutt those who attack you in melee.


Message History

You are too injured to fight recklessly!
You are too injured to fight recklessly!
You are too injured to fight recklessly!
You are too injured to fight recklessly!
You are too injured to fight recklessly!
You are too injured to fight recklessly!
You are too injured to fight recklessly!
The adder hisses angrily.
You hit the worm.
The worm is lightly wounded.
The worm closely misses you. You furiously retaliate!
You headbutt the worm! You hit the worm.
The worm is almost dead.
A frilled lizard comes into view.
The frilled lizard hisses angrily.
You hit the worm.
You kill the worm!
The adder bites you.
You closely miss the adder. Your headbutt misses the adder.
The adder bites you.
* * * LOW HITPOINT WARNING * * *
You closely miss the adder. The adder closely misses you.
You closely miss the adder. You headbutt the adder.
The adder is lightly wounded.
The adder bites you.
* * * LOW HITPOINT WARNING * * *
The adder bites you but does no damage.
You closely miss the adder.
The adder is lightly wounded.
The adder bites you.
* * * LOW HITPOINT WARNING * * *
You barely miss the adder.
The adder is lightly wounded.
The adder bites you.
* * * LOW HITPOINT WARNING * * *
You are lethally poisoned!
The adder poisons you!
You barely miss the adder. Your headbutt misses the adder.
The adder is lightly wounded.
You die...

#.. ... ### #.# ..#
... #.# #.# ###!#####
#l# ###.... ..# #S#
##.#.#.# #.# ##@##
#....#.###†####...####
.........)†..........+
#.#....###.##.....####
#....### #.##.##.##
##.#.# #.##†#### #.#.#
#.##.# #.#.. ..##.#
#.#### ##....


You could see an adder and a frilled lizard.

Vanquished Creatures
  A worm (D:2)
  3 ball pythons
  4 endoplasms
  A giant cockroach (D:1)
  5 goblins
  2 hobgoblins (D:1)
  4 jackals (D:2)
  A kobold (D:1)
  2 quokkas (D:1)
  3 bats
  A frilled lizard (D:1)
  4 rats (D:1)
31 creatures vanquished.

Notes
Turn   | Place    | Note
-------+----------+-------------------------------------------
     0 | D:1      | ANON1729 the Minotaur Monk began the quest for the Orb.
     0 | D:1      | Reached XP level 1. HP: 19/19 MP: 0/0
    82 | D:1      | Reached XP level 2. HP: 10/27 MP: 1/1
   340 | D:1      | Reached skill level 1 in Armour
   650 | D:1      | Reached skill level 1 in Invocations
  1042 | D:2      | Reached XP level 3. HP: 23/33 MP: 2/2
  1045 | D:2      | Reached skill level 4 in Fighting
  1076 | D:2      | HP: 1/33 [adder (3)]
  1077 | D:2      | Succumbed to an adder's poison

Illustrated notes

Levels and vault maps discovered:
D:1:      saegor_arrival_simple_e, layout_basic
D:2:      layout_loops_corners, serial_shops, shop

Skill      XL: |  1  2  3 |
---------------+----------+-----
Armour         | 1 |  1.4
Invocations    | 1 |  1.1
Fighting       | 4 |  4.0
Short Blades   | |  3.6
Dodging        | |  3.6

Action                     || total
---------------------------++-------
  Melee: Short sword       ||    56
         Headbutt          ||    15
         Rapier            ||    27
 Armour: Robe              ||    11
  Dodge: Dodged            ||    45
